Nobbs, neutral male human Tourist --------- ##..{.....| --------- # |.......| |......... #@###-.......| | h |.......| ----- --|------ #-..)| ############ ###|.).| # # |.).| ## ------- ### |.))| ---------.- |.<...| # |.).| |.........| # #-.`..)-## |.[)| |..........#################|.....| ----- |.........| # ------- |.......... ----------- Nobbs the Rambler Experience level: 1 Strength: 13 Dexterity: 7 Constitution: 16 Intelligence: 11 Wisdom: 12 Charisma: 17 Health: 0(10) Energy: 2(2) Def: 4 Gold: 110 Moves: 1085 Dungeon seed: gpE9yN7ZA4IenBu_ Game ID: Nobbs_1510323029 Your Inventory: Coins $ - 110 gold pieces Wands x - a wand of locking (0:3) Weapons a - 40 blessed +2 darts (in quiver) p - 2 cursed -2 orcish daggers D - 8 cursed -1 darts E - 9 +2 darts Armor e - an uncursed +0 Hawaiian shirt (being worn) n - a blessed +1 orcish helm y - an uncursed +2 pair of leather gloves (being worn) N - an uncursed +0 helm of brilliance (being worn) Comestibles b - an uncursed tripe ration c - 5 uncursed food rations d - an uncursed fortune cookie f - an uncursed orange g - an uncursed tin of newt meat h - an uncursed egg o - an uncursed tin of spinach q - an uncursed tin of newt meat u - an uncursed lembas wafer Scrolls j - 4 uncursed scrolls of magic mapping s - an uncursed scroll of remove curse t - an uncursed scroll of identify Potions i - 2 uncursed potions of extra healing m - an uncursed potion of levitation z - an uncursed potion of monster detection Rings B - an uncursed +1 ring of increase damage Tools k - an expensive camera (0:79) l - an uncursed credit card Gems r - an uncursed worthless piece of yellow glass Spells and supernatural/magical abilities: Name Level Category Fail Memory W - pray for help -- divine ? -- Your skills at the end: Fighting Skills Weapon Skills dart [Basic] Spellcasting Skills Final Attributes: You were aligned. You are dead. Vanquished creatures: 4 jackals 3 goblins 2 grid bugs 3 newts 12 creatures vanquished. Voluntary challenges: You followed a strict vegan diet. You were an atheist. You never hit with a wielded weapon. You read items or engraved 2 times, starting on turn 820. You never genocided any monsters. You never polymorphed an object. You never changed form. You used no wishes. You never split a pudding. You wrote Elbereth's name 1 time, starting on turn 821. You never violated your personal moral code. Dungeon overview: The Dungeons of Doom: levels 1 to 3 Level 1 a long staircase Level 2 a general store Level 3 <- You were here a weapon shop, a fountain History has recorded: On T:1 you entered the Dungeons of Doom to retrieve the Amulet of Yendor! On T:342 you reached level 2 of The Dungeons of Doom. On T:463 you reached level 3 of The Dungeons of Doom. Score breakdown: Gold: 45 ( 5656 points) Experience: 1 level ( 0 points) Exploration: 3 levels ( 6.25%) ( 6188 points) Discoveries: 3 items ( 1.01%) ( 3010 points) Valuables value: (no points given unless you survive) Artifact value: 0 ( 0 points) Variety of kills: 4 monsters ( 1.05%) ( 3073 points) Turncount: 1085 turns ( 0 points) Survival: died (score multiplied by 80%) Total score: 14341 Latest messages: "Thank you for shopping in Voulgezac's antique weapons outlet!" Fuffy drops an orcish spear. You see here an orcish spear (13 zorkmids). Fuffy picks up an orcish spear. Fuffy drops an orcish spear. Fuffy picks up an orcish spear. You hear someone cursing shoplifters. Fuffy drops an orcish spear. Fuffy picks up an orcish spear. Fuffy drops an orcish spear. The door resists! (3x) The door opens. You hear a door open. You hear someone cursing shoplifters. The door resists! (2x) The door opens. $ - 49 gold pieces. The hobbit thrusts her dagger. The hobbit hits! The hobbit thrusts her dagger. The hobbit hits! You die... Final status: Aloha Nobbs the Tourist, killed by a hobbit... You died in The Dungeons of Doom on dungeon level 3 with 14341 points, and 110 pieces of gold, after 1085 moves. You were level 1 with a maximum of 10 hit points when you died.